 Dungeon Crawl Stone Soup version 0.30-a0-116-g3b1a8e4ee4 (webtiles) character file.

Game seed: 2083578990062097100

12262 frimble the Fighter (level 11, -3/93 HPs)
             Began as a Demonspawn Hexslinger on Sept 13, 2022.
             Was a Follower of Cheibriados.
             Killed from afar by an acid dragon (32 damage)
             ... with a splash of acid
             ... on level 11 of the Dungeon.
             The game lasted 00:15:08 (10849 turns).

frimble the Fighter (Demonspawn Hexslinger)        Turns: 10849, Time: 00:15:08

Health: -3/93      AC:  7    Str: 15    XL:     11   Next: 60%
Magic:  20/21      EV: 12    Int: 19    God:    Cheibriados [*.....]
Gold:   310        SH:  5    Dex: 18    Spells: 8/12 levels left

rFire   . . .      SeeInvis .      - Unarmed
rCold   + . .      Faith    .    (no shield)
rNeg    . . .      Spirit   .    k - +1 troll leather armour
rPois   .          Reflect  +    c - +1 hat {Stlth+}
rElec   .          Harm     .    v - +1 cloak
rCorr   .          Rampage  .    (no gloves)
Will    .....                    h - +0 pair of boots
Stlth   +++.......               j - amulet of reflection
HPRegen 1.05/turn                f - ring of protection from cold
MPRegen 0.17/turn                i - ring of magical power

@: corroded, studying Fire Magic, very slow
A: claws 1, icy blue scales 1, spiny 2, demonic magic 2
a: Renounce Religion, Bend Time


You were on level 11 of the Dungeon.
You worshipped Cheibriados.
Cheibriados was aware of your devotion.
You visited 2 branches of the dungeon, and saw 12 of its levels.
You also visited: Sewer.

You collected 638 gold pieces.
You spent 328 gold pieces at shops.

Inventory:

Hand Weapons
 a - a +1 sling of flaming
Missiles
 D - 5 throwing nets
Armour
 c - a +1 hat of stealth (worn)
 h - a +0 pair of boots (worn)
 k - a +1 troll leather armour (worn)
 q - a +0 kite shield
 v - a +1 cloak (worn)
 G - a +2 scale mail of willpower
Jewellery
 f - a ring of protection from cold (left claw)
 i - a ring of magical power (right claw)
 j - an amulet of reflection (around neck)
 p - a ring of fire
 u - an amulet of guardian spirit
 x - the ring of Arrival {*Corrode rElec Str+8 Int+5 Dex+6}
   (You bought it in a shop on level 1 of the Dungeon)

   [ring of dexterity]

   Str:       It affects your strength (+8).
   Int:       It affects your intelligence (+5).
   Dex:       It affects your dexterity (+6).
   rElec:     It insulates you from electricity.
   *Corrode:  It may corrode you when you take damage.
 A - a ring of positive energy
 E - an amulet of magic regeneration
Wands
 b - a wand of polymorph (4)
 w - a wand of flame (16)
 y - a wand of light (9)
Scrolls
 e - 6 scrolls of poison
 o - a scroll of vulnerability
 s - a scroll of teleportation
 z - 2 scrolls of blinking
 B - 2 scrolls of enchant weapon
 F - 2 scrolls of magic mapping
 H - 3 scrolls of fear
 I - a scroll of amnesia
 K - 2 scrolls of identify
Potions
 d - 6 potions of curing
 g - 3 potions of brilliance
 l - a potion of magic
 m - 7 potions of resistance {unknown}
 n - a potion of ambrosia {unknown}
 r - 4 potions of might {unknown}
 t - a potion of attraction {unknown}
 C - 3 potions of heal wounds
 L - a potion of mutation {unknown}


   Skills:
 + Level 11.3 Fighting
 - Level 3.7 Short Blades
 - Level 5.0 Ranged Weapons
 - Level 1.8 Dodging
 - Level 2.3 Stealth
 + Level 10.1 Unarmed Combat
 - Level 1.0 Spellcasting
 - Level 3.0 Hexes
 - Level 7.0 Evocations


You had 8 spell levels left.
You knew the following spells:

 Your Spells              Type           Power      Damage    Failure   Level
a - Slow                  Hex            48%        N/A       7%          1
b - Apportation           Tloc           0%         N/A       22%         1
c - Blink                 Tloc           0%         N/A       34%         2

Your spell library contained the following spells:

 Spells                   Type           Power      Damage    Failure   Level
 Confusing Touch          Hex            12%        N/A       21%         3
 Foxfire                  Conj/Fire      0%         2x1d4     22%         1
 Freeze                   Ice            0%         1d3       22%         1
 Necrotise                Necr           0%         1d4       22%         1
 Summon Small Mammal      Summ           0%         N/A       22%         1
 Cigotuvi's Dreadful Rot  Necr/Pois/Air  0%         N/A       34%         2
 Poisonous Vapours        Pois/Air       0%         N/A       34%         2
 Scorch                   Fire           0%         2d5       34%         2
 Inner Flame              Hex/Fire       6%         N/A       36%         3
 Portal Projectile        Hex/Tloc       12%        N/A       36%         3
 Cause Fear               Hex            6%         N/A       54%         4
 Frozen Ramparts          Ice            0%         1d1       56%         3
 Ignite Poison            Fire/Tmut/Pois 0%         N/A       56%         3
 Kindle Blastsparks       Fire/Tloc/Air  0%         2d10      56%         3
 Lesser Beckoning         Tloc           0%         N/A       56%         3
 Vampiric Draining        Necr           0%         2d6       56%         3
 Leda's Liquefaction      Hex/Erth       3%         N/A       77%         4
 Flame Wave               Conj/Fire      0%         2d4       92%         4
 Hailstorm                Conj/Ice       0%         3d3       92%         4
 Manifold Assault         Tloc           0%         N/A       92%         4
 Sticky Flame             Conj/Fire      0%         2d3       92%         4
 Alistair's Intoxication  Tmut/Pois      0%         N/A       99%         5
 Borgnjor's Vile Clutch   Necr/Erth      0%         N/A       99%         5
 Eringya's Noxious Bog    Tmut/Pois      0%         N/A       100%        6
 Summon Cactus Giant      Summ           0%         N/A       100%        6
 Lehudib's Crystal Spear  Conj/Erth      0%         10d2      100%        8
 Summon Horrible Things   Summ           0%         N/A       100%        8


Dungeon Overview and Level Annotations

Branches:
Dungeon (11/15)            Temple (1/1) D:4            Lair (0/5) D:8
  Sewer (visited)
    Orc: D:9-12

Altars:
Ashenzari
Cheibriados
Dithmenos
Fedhas
Gozag
Hepliaklqana
Kikubaaqudgha
Makhleb
Nemelex Xobeh
Okawaru
Qazlal
Ru
Sif Muna
Trog
Uskayaw
Vehumet
Wu Jian
Xom
Yredelemnul

Shops:
D:1 *   D:11 :**


Innate Abilities, Weirdness & Mutations

You have sharp fingernails.
You are partially covered in icy blue scales. (AC +2)
You are mostly covered in sharp spines.
Spells you cast may paralyse nearby enemies.


Message History

You are too injured to fight recklessly!
You are too injured to fight recklessly!
Okay, then.
Okay, then.
Okay, then.
Aiming: Slow (safe; 7% risk of failure)
Press: ? - help, Q - select action, (/) - cycle Shift-Dir - straight line, f - yak
Aim: a yak (moderately wounded, chance to affect: 50%)
The yak seems to slow down.
Malevolent energies surge around you.
The yak suddenly stops moving!
The yak suddenly stops moving! x2
The helpless yak fails to defend itself.
You claw the yak! You claw the yak.
The yak is heavily wounded.
The helpless yak fails to defend itself.
You mangle the yak!!
You kill the yak!
The helpless yak fails to defend itself.
You claw the yak!
The yak is almost dead.
The acid dragon spits acid at you. The splash of acid hits you!
The acid corrodes you! The yak gores you!
The helpless yak fails to defend itself.
You mangle the yak!!
You kill the yak!
The yak is no longer paralysed.
The yak is struck by your spines. The yak gores you. The yak barely misses you.
Aiming: Slow (safe; 7% risk of failure)
Press: ? - help, Q - select action, (/) - cycle Shift-Dir - straight line, f - yak
Aim: a yak (chance to affect: 50%)
The yak resists with significant effort.
Malevolent energies surge around you. The yak is struck by your spines.
The yak gores you. The acid dragon bites you.
You block the acid dragon's attack. The yak misses you.
The yak is struck by your spines. The yak gores you!
* * * LOW HITPOINT WARNING * * *
You feel much better. The yak gores you! The acid dragon spits acid at you.
The splash of acid hits you!!
You die...

.... ....##
#........# ...
....# ##........#
#... #.........#
#....#...~~~~~≈#
#....#.≈~~~≈≈~≈≈≈
##....≈~≈≈~...~≈≈
.
#..##≈≈~~######≈≈
.~
.....≈≈~.......##≈
.. ...~~~.@Y.....#
.. ~~~~~.YDY.....#
~~~~..........#
..............#
..............#
..............#
..#...........#
..............#


You could see 3 yaks and an acid dragon (catching breath).

Vanquished Creatures
  Gastronok (D:8)
  Harold (D:10)
  A death knight (D:9)
  2 two-headed ogres
  A boulder beetle (D:9)
  Pikel (D:9)
  An unseen horror (D:11)
  A komodo dragon (D:8)
  Grinder (D:3)
  A troll (D:9)
  3 wraiths
  3 shadows
  4 wyverns
  2 basilisks (D:8)
  8 yaks
  2 steam dragons
  A swamp drake (D:8)
  An orc warrior (D:9)
  Pargi (Sewer)
  A sky beast (D:7)
  2 black bears
  An ogre (D:2)
  6 centaurs
  A phantom (D:7)
  5 kobold brigands
  4 bullfrogs
  A necrophage (D:6)
  A gnoll sergeant (D:10)
  2 scorpions
  15 wights
  3 killer bees (D:9)
  4 howler monkeys
  4 electric eels
  4 orc priests
  2 hounds
  Terence (D:3)
  3 iguanas
  An orc wizard (D:9)
  4 gnolls (D:5)
  5 adders
  A white imp (D:6)
  3 dart slugs
  4 worms
  24 orcs
  9 endoplasms
  6 giant cockroaches
  7 goblins
  7 hobgoblins
  3 jackals (D:4)
  18 kobolds
  7 quokkas
  9 ball pythons
  4 bats
  6 frilled lizards
  5 rats
219 creatures vanquished.

Vanquished Creatures (others)
  An orc wizard (D:9)
  An orc (D:7)
2 creatures vanquished.

Grand Total: 221 creatures vanquished

Notes
Turn   | Place    | Note
-------+----------+-------------------------------------------
     0 | D:1      | frimble the Demonspawn Hexslinger began the quest for the
                  | Orb.
     0 | D:1      | Reached XP level 1. HP: 15/15 MP: 2/2
    77 | D:1      | Gained mutation: Spells you cast may paralyse adjacent
                  | enemies. [demonic ancestry]
    77 | D:1      | Reached XP level 2. HP: 21/21 MP: 3/3
   100 | D:1      | Reached skill level 1 in Short Blades
   305 | D:1      | Found Iluosm Zokotz's Assorted Antiques.
   313 | D:1      | Found a faded altar of an unknown god.
   314 | D:1      | Noticed a great orb of eyes
   316 | D:1      | Noticed a floating eye
   316 | D:1      | Noticed a shining eye
   316 | D:1      | Noticed a shining eye
  1219 | D:2      | Found a shimmering altar of Xom.
  1232 | D:2      | Gained mutation: Spells you cast may paralyse nearby
                  | enemies. [demonic ancestry]
  1232 | D:2      | Reached XP level 3. HP: 26/26 MP: 4/4
  1424 | D:2      | Noticed an ogre
  1836 | D:3      | Identified the +6 whip "Ajuq" {drain, Will+ rCorr Str+2
                  | Dex+2}
  1969 | D:3      | Found a glowing drain.
  1987 | Sewer    | Entered a sewer
  2025 | Sewer    | Noticed Pargi
  2030 | Sewer    | Killed Pargi
  2031 | Sewer    | Reached XP level 4. HP: 31/32 MP: 5/5
  2031 | Sewer    | Reached XP level 5. HP: 36/37 MP: 6/6
  2211 | Sewer    | Got Zulaeg's Folio of Chthonic Rallying
  2266 | Sewer    | Gained mutation: You have sharp fingernails. [demonic
                  | ancestry]
  2266 | Sewer    | Reached XP level 6. HP: 17/43 MP: 7/7
  2496 | D:3      | Noticed Grinder
  2504 | D:3      | Killed Grinder
  2505 | D:3      | Reached skill level 5 in Ranged Weapons
  2810 | D:3      | Noticed Terence
  2817 | D:3      | Killed Terence
  2818 | D:3      | Gained mutation: You are partially covered in sharp spines.
                  | [demonic ancestry]
  2818 | D:3      | Reached XP level 7. HP: 48/48 MP: 8/8
  3097 | D:2      | Reached skill level 2 in Fighting
  3097 | D:2      | Reached skill level 1 in Unarmed Combat
  3535 | D:1      | Bought a glittering golden ring for 110 gold pieces
  3535 | D:1      | Identified the ring of Arrival {*Corrode rElec Str+8 Int+5
                  | Dex+6} (You bought it in a shop on level 1 of the Dungeon)
  3703 | D:4      | Found a staircase to the Ecumenical Temple.
  3838 | D:4      | Identified the +8 whip of Cheese {vorpal, rCorr}
  4074 | D:5      | Entered Level 5 of the Dungeon
  4178 | D:5      | Reached skill level 3 in Fighting
  5015 | D:6      | Reached skill level 4 in Fighting
  5034 | D:6      | Gained mutation: You are mostly covered in sharp spines.
                  | [demonic ancestry]
  5034 | D:6      | Reached XP level 8. HP: 40/60 MP: 9/9
  6067 | D:7      | Reached skill level 5 in Fighting
  6160 | D:7      | Found a snail-covered altar of Cheibriados.
  6184 | D:7      | Reached skill level 5 in Unarmed Combat
  6407 | D:7      | Reached skill level 6 in Fighting
  6934 | D:7      | Learned a level 1 spell: Apportation
  7148 | D:8      | Gained mutation: You are partially covered in icy blue
                  | scales. (AC +2) [demonic ancestry]
  7148 | D:8      | Reached XP level 9. HP: 65/71 MP: 10/10
  7197 | D:8      | Noticed Gastronok
  7221 | D:9      | Noticed a troll
  7228 | D:9      | Killed a troll
  7267 | D:9      | Reached skill level 7 in Fighting
  7499 | D:9      | Noticed a boulder beetle
  7502 | D:9      | Noticed a death knight
  7620 | D:9      | Noticed Pikel
  7649 | D:9      | Killed Pikel
  7650 | D:9      | Reached skill level 8 in Fighting
  7776 | D:10     | Entered Level 10 of the Dungeon
  7860 | D:10     | Learned a level 2 spell: Blink
  7934 | D:10     | Noticed Harold
  7947 | D:10     | Killed Harold
  7948 | D:10     | Reached XP level 10. HP: 30/82 MP: 11/11
  8103 | D:10     | Reached skill level 9 in Fighting
  8388 | D:10     | Noticed a two-headed ogre
  8398 | D:10     | Killed a two-headed ogre
  8399 | D:10     | Reached skill level 5 in Evocations
  8486 | D:10     | Found a blossoming altar of Fedhas.
  8789 | D:8      | Noticed a two-headed ogre
  8800 | D:8      | Killed a two-headed ogre
  8882 | D:8      | Reached skill level 10 in Fighting
  9007 | Temple   | Entered the Ecumenical Temple
  9281 | D:7      | Became a worshipper of Cheibriados the Contemplative
  9337 | D:8      | Killed Gastronok
  9338 | D:8      | Reached XP level 11. HP: 65/91 MP: 12/12
  9737 | D:8      | Found a staircase to the Lair.
  9933 | D:9      | Reached * piety under Cheibriados
 10003 | D:9      | Killed a boulder beetle
 10348 | D:9      | Killed a death knight
 10417 | D:9      | Identified a scroll of acquirement
 10417 | D:9      | Acquired a manual of Fire Magic
 10468 | D:11     | Reached skill level 11 in Fighting
 10520 | D:11     | Found Fafitico's Book Boutique.
 10531 | D:11     | Reached skill level 10 in Unarmed Combat
 10717 | D:11     | Found Ponwaeso's Assorted Antiques.
 10721 | D:11     | Noticed a centaur warrior
 10794 | D:11     | Found Ecaclyru's Assorted Antiques.
 10797 | D:11     | Bought a scroll labelled MUICHYIJIFRA for 28 gold pieces
 10797 | D:11     | Bought an orange potion for 25 gold pieces
 10797 | D:11     | Bought a ruby potion for 25 gold pieces
 10797 | D:11     | Bought a potion of heal wounds for 140 gold pieces
 10849 | D:11     | Killed from afar by an acid dragon

Illustrated notes

Levels and vault maps discovered:
D:1:      minmay_arrival_arboretum_small, layout_basic,
          hellmonk_ecumenical_altar_watching_god, serial_shops, shop
D:2:      layout_basic, basic_altar
D:3:      layout_loops_ring, gup_sewer_entry_pipe, minmay_box_of_dots,
          uniq_grinder, uniq_terence
D:4:      layout_cave_pools, minmay_temple_entry_fiery
D:5:      layout_basic, minivault_26
D:6:      layout_cave_pods, amcnicky_mini_corridor_feature
D:7:      layout_basic, cheibriados_altar_2, minmay_fountain_box,
          amcnicky_mini_rare_corridor_liquid
D:8:      layout_rooms, erik_lair_dragon, chequers_serial_rivers_marsh,
          water_boxes_lemuel, uniq_gastronok
D:9:      minmay_distorted_concentric_squares, layout_loops_ring, uniq_pikel
D:10:     layout_irregular_city, kennysheep_little_box, minmay_between,
          uniq_harold
D:11:     layout_basic, orc_0_dummy, serial_shops, nicolae_shop_stone,
          shop_fountains, nicolae_square_shop, nicolae_shop_stone,
          nicolae_shop_behind_doors
Temple:   nicolae_temple_bog_church

Skill      XL: |  1  2  3  4  5  6  7  8  9 10 11 |
---------------+----------------------------------+-----
Ranged Weapons | 2 3 4 5 |  5.0
Short Blades   | 1 2 3 |  3.7
Stealth        | 2 |  2.3
Fighting       | 4 6 8 10 11 | 11.3
Unarmed Combat | 3 5 7 9 10 | 10.1
Evocations     | 3 6 7 |  7.0
Dodging        | |  1.8
Spellcasting   | |  1.0
Hexes          | |  3.0

Action                   |  1- 3 |  4- 6 |  7- 9 | 10-12 || total
-------------------------+-------+-------+-------+-------++-------
Melee: Dagger            |   108 |    32 |   214 |       ||   354
       Punch             |     2 |       |    10 |     9 ||    21
       Unarmed           |       |       |    81 |   251 ||   332
 Fire: Sling             |    35 |       |       |       ||    35
 Cast: Slow              |    12 |     8 |    32 |     8 ||    60
Evoke: Wand              |       |       |     2 |    18 ||    20
  Use: Scroll            |     6 |       |    15 |     3 ||    24
       Potion            |       |       |       |     3 ||     3
 Stab: Paralysed         |    13 |     7 |    18 |    11 ||    49
       Sleeping          |     1 |     1 |    13 |     6 ||    21
       Held in net/web   |       |       |     1 |       ||     1
       Distracted        |       |       |       |     1 ||     1
       Invisible         |       |       |       |     1 ||     1
Armor: Robe              |    16 |     2 |    41 |       ||    59
       Troll leather arm |       |       |    15 |    60 ||    75
       Skin              |       |       |       |     9 ||     9
Dodge: Dodged            |    42 |     8 |    89 |   109 ||   248
Block: Other             |    17 |     4 |    49 |    43 ||   113
       Reflection        |       |       |     4 |     4 ||     8

Table legend: (Time is in decaauts)
 A = Elapsed time spent in this place.
 B = Non-inter-level travel time spent in this place.
 C = Inter-level travel time spent in this place.
 D = Time resting spent in this place.
 E = Time spent auto-exploring this place.
 F = Levels seen in this place.
 G = Mean time per level.
                   A        B        C        D        E       F      G
               +--------+--------+--------+--------+--------+-----+--------+
         Total |  11192 |  10521 |    671 |      7 |   8690 |  13 |  860.9 |
       Dungeon |  10508 |   9861 |    647 |      7 |   8116 |  11 |  955.3 |
        Temple |    204 |    181 |     23 |      0 |    163 |   1 |  204.0 |
         Sewer |    479 |    479 |      0 |      0 |    410 |   1 |  479.0 |
               +--------+--------+--------+--------+--------+-----+--------+

Top non-repeatable levels by time:
     D:9: 1349 daAuts
     D:1: 1271 daAuts
     D:3: 1095 daAuts
     D:8: 1077 daAuts
     D:6: 1066 daAuts
     D:7: 1031 daAuts
    D:10: 953 daAuts
     D:5: 899 daAuts
     D:2: 743 daAuts
     D:4: 526 daAuts
    D:11: 494 daAuts
   Sewer: 479 daAuts
  Temple: 204 daAuts
